 Dungeon Crawl Stone Soup version 0.31-a0-345-g1ebeae05c6 (webtiles) character file.

Game seed: 12662265382467273151

18930 Gelion the Mimic (level 12, -5/119 HPs)
             Began as a Troll Shapeshifter on July 22, 2023.
             Was an Initiate of Gozag.
             Slain by a gargoyle
             ... wielding a +0 flail
              (8 damage)
             ... while petrified by a catoblepas
             ... in a Gauntlet.
             The game lasted 00:24:00 (11032 turns).

Gelion the Mimic (Troll Shapeshifter)              Turns: 11032, Time: 00:24:00

Health: -5/119     AC:  4    Str: 26    XL:     12   Next: 32%
Magic:  0/11       EV:  1    Int:  4    God:    Gozag
Gold:   1653       SH:  0    Dex: 14    Spells: 11/11 levels left

rFire   . .          .
                       - Unarmed
rCold   + . .        (shield currently unavailable)
rNeg    + + +        a - +0 animal skin
rPois   ∞            (helmet restricted)
rElec   .            v - +0 cloak
rCorr   .            (gloves unavailable)
SInv    .            (boots unavailable)
Will    .....        f - amulet of guardian spirit
Stlth   +            g - ring of poison resistance
HPRegen 1.19/turn    x - ring of protection from cold
MPRegen 0.12/turn

%: no teleportation, guardian spirit
@: mighty, blade hands, petrified, gold aura
A: large, unfitting armour, claws 3, regeneration 1, shaggy fur 1, tough skin 1
a: Begin Untransformation, Renounce Religion, Potion Petition, Call Merchant,
Bribe Branch


You were in a Gauntlet.
You worshipped Gozag.
Gozag was most pleased with you.
You had blades for hands.
You visited 2 branches of the dungeon, and saw 12 of its levels.
You also visited: Bailey and Gauntlet.

You collected 1828 gold pieces.
You spent 56 gold pieces at shops.
You paid 119 gold pieces to Gozag.

Inventory:

Missiles
 s - 2 throwing nets
Armour
 a - a +0 animal skin (worn)
 o - +0 ice dragon scales
 v - a +0 cloak (worn)
Jewellery
 f - an amulet of guardian spirit (around neck)
 g - a ring of poison resistance (left blade hand)
 x - a ring of protection from cold (right blade hand)
Talismans
 r - a blade talisman
Wands
 d - a wand of paralysis (5)
 k - a wand of flame (29)
 p - a wand of iceblast (8)
 y - a wand of polymorph (8)
 B - a wand of digging (8)
Scrolls
 m - 3 scrolls of fog
 n - 4 scrolls of teleportation
 q - a scroll of enchant weapon
 u - a scroll of silence
 w - 2 scrolls of fear
Potions
 b - 4 potions of lignification
 c - 3 potions of heal wounds
 e - a potion of might
 h - 3 potions of curing
 j - a potion of invisibility
 l - 2 potions of mutation
 t - 2 potions of brilliance
 z - 2 potions of ambrosia
 A - a potion of cancellation


   Skills:
 + Level 7.7 Fighting
 - Level 1.5 Dodging
 + Level 9.7 Unarmed Combat
 * Level 13.7 Shapeshifting


You had 11 spell levels left.
You didn't know any spells.
Your spell library contained the following spells:

 Spells                   Type           Power      Damage    Failure   Level
 Blink                    Tloc           0%         N/A       94%         2
 Cigotuvi's Dreadful Rot  Necr/Pois/Air  0%         N/A       94%         2
 Ensorcelled Hibernation  Hex/Ice        0%         N/A       94%         2
 Passwall                 Tmut/Erth      0%         N/A       94%         2
 Ignite Poison            Fire/Tmut/Pois 0%         N/A       99%         3
 Inner Flame              Hex/Fire       0%         N/A       99%         3
 Swiftness                Air            0%         N/A       99%         3
 Dispel Undead            Necr           0%         3d6       100%        4
 Manifold Assault         Tloc           0%         N/A       100%        4
 Freezing Cloud           Conj/Ice/Air   0%         6-21      100%        5
 Yara's Violent Unravell  Hex/Tmut       0%         3d3       100%        5
 Death Channel            Necr           0%         N/A       100%        6
 Enfeeble                 Hex            0%         N/A       100%        7


Dungeon Overview and Level Annotations

Branches:
Dungeon (11/15)            Temple (1/1) D:5            Lair (0/5) D:11
    Orc (0/2) D:11         Bailey (visited)         Gauntlet (1/1)

Altars:
Ashenzari
Cheibriados
Dithmenos
Elyvilon
Fedhas
Gozag
Hepliaklqana
Kikubaaqudgha
Makhleb
Nemelex Xobeh
Okawaru
Qazlal
Ru
Sif Muna
Trog
Uskayaw
Vehumet
Wu Jian
Xom
Yredelemnul
Zin
The Shining One

Shops:
D:4 *   D:10 *   D:11 (

Annotations:
D:11 Amaemon Gauntlet 17 transporters, 15 runed translucent doors, exclusion: oklob plant


Innate Abilities, Weirdness & Mutations

You have blades for hands.
You are immune to poison.
Your spellcasting is less reliable in this form.
You are incapable of wielding weapons or throwing items.
You are too large for most types of armour.
You have claws for hands.
Your natural rate of healing is unusually fast.
You are covered in fur. (AC +1)
You have tough skin. (AC +1)


Message History

The catoblepas breathes a plume of calcifying dust at you.
The blast of calcifying dust hits you! The gargoyle hits you with a +0 flail!
You are engulfed in calcifying dust.
The catoblepas completely misses you. The gargoyle hits you with a +0 flail!
You turn to flesh and can move again.
You slash the catoblepas!
The catoblepas is severely wounded.
You are engulfed in calcifying dust.
You are slowing down.
The catoblepas gores you.
The gargoyle hurls a stone arrow at you.
The stone arrow hits you!!
You slash the catoblepas!
The catoblepas is almost dead.
You are engulfed in calcifying dust.
The catoblepas gores you! The gargoyle hits you with a +0 flail.
Your limbs are stiffening.
Unknown command.
You slice the catoblepas!!
You kill the catoblepas!
The gargoyle hits you with a +0 flail!
* * * LOW HITPOINT WARNING * * *
The gargoyle hits you with a +0 flail!
* * * LOW HITPOINT WARNING * * *
The gargoyle hits you with a +3 mace!
* * * LOW HITPOINT WARNING * * *
You have turned to stone.
The gargoyle is distracted by your dazzling golden aura.
The gargoyle hits you with a +0 flail!
* * * LOW HITPOINT WARNING * * *
The gargoyle hits you with a +0 flail!
* * * LOW HITPOINT WARNING * * *
The gargoyle hits you with a +0 flail.
* * * LOW HITPOINT WARNING * * *
The gargoyle hurls a stone arrow at you.
The stone arrow hits you!!
* * * LOW HITPOINT WARNING * * *
The gargoyle is no longer distracted by gold.
The gargoyle hits you with a +0 flail!
You die...
Your body crumbles into a pile of gold.

#§§8§≈#©.........©.........©#§§8§
#################################
#.........#.#..[.©!...#.#........
#.P...PP..#.#...#.#...#.#.##...##
#..#P.P#P.#.#....#....#.#..##.##.
#?.PP.PPP.#.#.#..#..#.#.#...#.#..
#©P..©....#.#.#######.#.#....©#..
#!.P..P.P.#.#.#.©#..#.#.#...#.#..
#..#P..#PD#.#..9@#....#.#..##.##.
#..PP..P..#.#..9###...#.#y##...##
#.........#.#.........#.#yy......
###########.###########.#########
.................©...............
.................................
################.∩.##############
# #8# #8# #8# #...# #8# #8# #8# #
### ### ### #§§§# ### ### ###


You could see an acid dragon and 2 gargoyles.

Vanquished Creatures
  An orc warlord (Bailey)
  2 two-headed ogres
  A catoblepas (Gauntlet)
  Pikel (D:4)
  A kobold demonologist (D:11)
  A troll (D:9)
  A hornet (D:8)
  5 wyverns
  16 yaks
  A basilisk (D:11)
  Eustachio (D:4)
  2 steam dragons
  7 vampire mosquitoes (D:10)
  Menkaure (D:6)
  Edmund (D:4)
  2 acid dragons
  5 water moccasins
  12 orc warriors
  Duvessa (D:6)
  2 sky beasts
  2 black bears
  2 ice beasts (D:5)
  A lemure (D:4)
  A phantom (D:4)
  4 kobold brigands
  Blork the orc (D:6)
  A bullfrog (D:7)
  6 scorpions
  A wight (D:8)
  Dowan (D:6)
  12 killer bees
  2 howler monkeys
  7 orc priests
  2 gnoll boudas (D:5)
  5 iguanas
  10 orc wizards
  A sleepcap (D:6)
  Natasha (thrice) (D:4)
  15 gnolls
  5 adders
  A white imp (D:5)
  4 ufetubi
  A worm (D:5)
  A dart slug (D:4)
  49 orcs
  9 bats
  4 endoplasms
  4 giant cockroaches
  8 goblins
  10 hobgoblins
  3 jackals (D:4)
  27 kobolds
  5 quokkas
  6 ball pythons
  4 frilled lizards
  11 rats
293 creatures vanquished.

Notes
Turn   | Place    | Note
-------+----------+-------------------------------------------
     0 | D:1      | Gelion the Troll Shapeshifter began the quest for the Orb.
     0 | D:1      | Reached XP level 1. HP: 18/18 MP: 0/0
    87 | D:1      | Reached skill level 1 in Fighting
    94 | D:1      | Reached XP level 2. HP: 27/27 MP: 1/1
  1056 | D:2      | Reached XP level 3. HP: 33/33 MP: 2/2
  2088 | D:3      | Reached XP level 4. HP: 41/41 MP: 3/3
  2495 | D:4      | Reached skill level 4 in Shapeshifting
  2507 | D:4      | Reached XP level 5. HP: 46/49 MP: 2/4
  2567 | D:4      | Noticed a lemure
  2579 | D:4      | Killed a lemure
  2665 | D:4      | Noticed Pikel
  2667 | D:4      | Noticed a lemure
  2669 | D:4      | Noticed a lemure
  2670 | D:4      | Noticed a lemure
  2677 | D:4      | HP: 2/49 [Pikel/+2 whip of freezing (1)]
  2678 | D:4      | Killed Pikel
  2679 | D:4      | Reached skill level 5 in Shapeshifting
  2679 | D:4      | Reached XP level 6. HP: 4/61 MP: 0/5
  2679 | D:4      | Reached XP level 7. HP: 4/67 MP: 0/6
  2884 | D:4      | Noticed Eustachio
  2892 | D:4      | Killed Eustachio
  2893 | D:4      | Reached skill level 5 in Unarmed Combat
  2954 | D:4      | Noticed Edmund
  2964 | D:4      | Killed Edmund
  2965 | D:4      | Reached skill level 6 in Shapeshifting
  3013 | D:4      | Found a broken altar of Ashenzari.
  3247 | D:4      | Found a basalt altar of Yredelemnul.
  3458 | D:4      | Reached XP level 8. HP: 66/78 MP: 3/7
  3560 | D:4      | Found Ninivahe's General Store.
  3569 | D:4      | Bought a scroll of identify for 28 gold pieces
  3569 | D:4      | Bought a scroll of identify for 28 gold pieces
  3621 | D:4      | Noticed Natasha
  3631 | D:4      | Killed Natasha
  3682 | D:4      | Found a glowing golden altar of the Shining One.
  4028 | D:4      | Noticed Natasha
  4032 | D:4      | Killed Natasha
  4343 | D:4      | Noticed Natasha
  4346 | D:4      | Killed Natasha
  4410 | D:5      | Entered Level 5 of the Dungeon
  4437 | D:5      | Found a hide-covered altar of Uskayaw.
  4437 | D:5      | Noticed a +0 hand axe
  4437 | D:5      | Noticed a +0 dagger
  4511 | D:5      | Found a staircase to the Ecumenical Temple.
  4525 | Temple   | Entered the Ecumenical Temple
  4577 | D:5      | Found a hazy altar of Hepliaklqana.
  4915 | D:5      | Reached skill level 7 in Shapeshifting
  5259 | D:6      | Found an opulent altar of Gozag.
  5354 | D:6      | Found a sacrificial altar of Ru.
  5358 | D:6      | Found a snail-covered altar of Cheibriados.
  5358 | D:6      | Found an ornate altar of the Wu Jian Council.
  5359 | D:6      | Found a burning altar of Makhleb.
  5362 | D:6      | Noticed Menkaure
  5524 | D:6      | Reached XP level 9. HP: 62/87 MP: 4/8
  5526 | D:6      | Killed Menkaure
  5629 | D:6      | Became a worshipper of Gozag Ym Sagoz the Greedy
  5647 | D:6      | Noticed Duvessa
  5648 | D:6      | Noticed Dowan
  5654 | D:6      | Killed Duvessa
  5655 | D:6      | Reached skill level 5 in Fighting
  5664 | D:6      | Reached skill level 8 in Shapeshifting
  5670 | D:6      | Killed Dowan
  5912 | D:6      | Noticed Blork the orc
  5918 | D:6      | Killed Blork the orc
  5947 | D:6      | Found a white marble altar of Elyvilon.
  7325 | D:8      | Found a sparkling altar of Nemelex Xobeh.
  7367 | D:8      | Noticed a two-headed ogre
  7378 | D:8      | Killed a two-headed ogre
  7379 | D:8      | Reached skill level 9 in Shapeshifting
  7408 | D:8      | Found a stormy altar of Qazlal.
  7460 | D:8      | Reached XP level 10. HP: 97/98 MP: 7/9
  7471 | D:8      | Found a flagged portal.
  7480 | Bailey   | Entered a bailey
  7485 | Bailey   | Noticed an orc warlord
  7642 | Bailey   | Found a runed translucent gate.
  7642 | Bailey   | Found a runed translucent gate.
  7642 | Bailey   | Found a runed translucent gate.
  7855 | Bailey   | Killed an orc warlord
  7878 | Bailey   | Reached skill level 12 in Shapeshifting
  7878 | Bailey   | Reached XP level 11. HP: 105/107 MP: 8/10
  8671 | D:9      | Noticed a two-headed ogre
  8680 | D:9      | Killed a two-headed ogre
  8862 | D:9      | Reached skill level 13 in Shapeshifting
  9301 | D:10     | Entered Level 10 of the Dungeon
  9385 | D:10     | Reached XP level 12. HP: 37/118 MP: 3/11
  9698 | D:10     | HP: 4/118 [something (7)]
  9967 | D:10     | Found a bloodstained altar of Trog.
 10146 | D:10     | Found Esucwuh's CLEARANCE SALE!.
 10239 | D:11     | Found a staircase to the Lair.
 10360 | D:11     | Found Ygasuseo's Weapon Emporium.
 10506 | D:11     | Paralysed by an orc for 4 turns
 10529 | D:11     | Found a staircase to the Orcish Mines.
 10584 | D:11     | Noticed Amaemon
 10600 | D:11     | Found a gate leading to a gauntlet.
 10609 | Gauntlet | Entered a Gauntlet
 10609 | Gauntlet | Found a transporter.
 10617 | Gauntlet | Found a transporter.
 10619 | Gauntlet | Found a transporter.
 10621 | Gauntlet | Found a transporter.
 10642 | Gauntlet | Found a transporter.
 10651 | Gauntlet | Found a transporter.
 10656 | Gauntlet | Found a transporter.
 10676 | Gauntlet | Found a transporter.
 10690 | Gauntlet | Found a transporter.
 10699 | Gauntlet | Noticed a dire elephant
 10702 | Gauntlet | Found a transporter.
 10710 | Gauntlet | Found a large runed translucent door.
 10711 | Gauntlet | Found a large runed translucent door.
 10712 | Gauntlet | Found a large runed translucent door.
 10712 | Gauntlet | Found a large runed translucent door.
 10713 | Gauntlet | Found a runed translucent gate.
 10714 | Gauntlet | Found a transporter.
 10714 | Gauntlet | Found a runed translucent gate.
 10715 | Gauntlet | Found a runed translucent gate.
 10715 | Gauntlet | Noticed a hell beast
 10716 | Gauntlet | Found a large runed translucent door.
 10716 | Gauntlet | Found a large runed translucent door.
 10717 | Gauntlet | Found a large runed translucent door.
 10718 | Gauntlet | Found a large runed translucent door.
 10722 | Gauntlet | Noticed a death yak
 10722 | Gauntlet | Noticed a death yak
 10722 | Gauntlet | Noticed a death yak
 10726 | Gauntlet | Found a transporter.
 10738 | Gauntlet | Found a transporter.
 10756 | Gauntlet | Found a transporter.
 10773 | Gauntlet | Found a transporter.
 10775 | Gauntlet | Found a transporter.
 10803 | Gauntlet | Noticed a catoblepas
 10806 | Gauntlet | Found a transporter.
 10808 | Gauntlet | Found a transporter.
 10810 | Gauntlet | Found a large runed translucent door.
 10810 | Gauntlet | Found a large runed translucent door.
 10811 | Gauntlet | Found a large runed translucent door.
 10811 | Gauntlet | Found a large runed translucent door.
 11027 | Gauntlet | Killed a catoblepas
 11031 | Gauntlet | HP: 2/119 [gargoyle/stone arrow (8)]
 11032 | Gauntlet | Slain by a gargoyle

Illustrated notes

Levels and vault maps discovered:
D:1:      ebering_trefoil_twist, layout_basic, minmay_misc_feat_cross,
          hangedman_abyss_or_decor_lesser_grid, minmay_vboxes
D:2:      layout_loops_corners
D:3:      minmay_skewed_foursquare, layout_loops_ring
D:4:      minmay_general_purpose_star, layout_loops_corners,
          mainiacjoe_overflow_surrounded_room, mainiacjoe_overflow_tiny_flanked,
          general_overflow_altar, serial_shops, nicolae_lakefront_shop,
          uniq_edmund, uniq_eustachio, uniq_natasha, uniq_pikel
D:5:      layout_loops_ring, dancing_weapons_uskayaw,
          nzn_hepliaklqana_mist_gate, minmay_temple_entry_gardened_gates
D:6:      layout_basic, mainiacjoe_overflow_concentric_impassable,
          elyvilon_altar_3, grunt_temple_overflow_open, uniq_duvessa,
          uniq_menkaure, uniq_blork_the_orc
D:7:      layout_cave_pods, corexii_mini_fake_secret_closet, moated_statue
D:8:      minmay_spotlight, layout_rooms, nicolae_qazlal_style_of_elements,
          mainiacjoe_overflow_brackets, enter_bailey_2,
          minmay_misc_feat_more_columns, chequers_serial_rivers_large_b,
          moated_statue
D:9:      hellmonk_crumbling_castle, layout_rooms, dreamdust_deal_with_the_devil
D:10:     layout_rooms, trog_butcher_becter, nicolae_shop_clearance
D:11:     layout_roguey, minmay_lair_entry_grove, david_orc_4, serial_shops,
          nicolae_shop_bloodbath_and_beyond, gauntlet_entry_generic,
          minivault_10, minivault_23, uniq_amaemon
Temple:   nicolae_temple_two_arcs
Gauntlet: gammafunk_gauntlet_one_two_three [nicolae_gauntlet_arena_t_cross,
          gammafunk_gauntlet_arena_hedges, gammafunk_gauntlet_arena_split_x,
          gammafunk_gauntlet_arena_mazey, gammafunk_gauntlet_arena_corners,
          minmay_gauntlet_arena_make_your_own_arena,
          gammafunk_gauntlet_arena_arrow_garden, nicolae_gauntlet_swirl,
          gammafunk_gauntlet_arena_chambers, gauntlet_exit_watery]

Skill      XL: |  1  2  3  4  5  6  7  8  9 10 11 |
---------------+----------------------------------+-----
Fighting       | 1 2 3 4 6 7 |  7.7
Shapeshifting  | 4 5 6 7 9 12 13 | 13.7
Unarmed Combat | 4 5 6 7 8 9 |  9.7
Dodging        | |  1.5

Action                     |  1- 3 |  4- 6 |  7- 9 | 10-12 || total
---------------------------+-------+-------+-------+-------++-------
  Melee: Unarmed           |    99 |    61 |   303 |   321 ||   784
         Punch             |     1 |     2 |    12 |    13 ||    28
  Evoke: Wand              |       |       |       |     1 ||     1
    Use: Scroll            |     4 |     3 |    13 |     6 ||    26
         Potion            |       |       |     1 |     6 ||     7
   Stab: Sleeping          |     2 |       |     2 |       ||     4
         Distracted        |       |       |       |     2 ||     2
 Armour: Animal skin       |    48 |    13 |    58 |    34 ||   153
  Dodge: Dodged            |    44 |    27 |   128 |   130 ||   329
   Form: Blade             |       |       |     1 |       ||     1
         Maw               |       |       |     1 |       ||     1

Table legend: (Time is in decaauts)
 A = Elapsed time spent in this place.
 B = Non-inter-level travel time spent in this place.
 C = Inter-level travel time spent in this place.
 D = Time resting spent in this place.
 E = Time spent auto-exploring this place.
 F = Levels seen in this place.
 G = Mean time per level.
                   A        B        C        D        E       F      G
               +--------+--------+--------+--------+--------+-----+--------+
         Total |  10916 |   9530 |   1386 |    478 |   6991 |  14 |  779.7 |
       Dungeon |  10044 |   8668 |   1376 |    329 |   6709 |  11 |  913.1 |
        Temple |     12 |      3 |      9 |      0 |      0 |   1 |   12.0 |
        Bailey |    437 |    437 |      0 |      0 |    282 |   1 |  437.0 |
      Gauntlet |    422 |    422 |      0 |    149 |      0 |   1 |  422.0 |
               +--------+--------+--------+--------+--------+-----+--------+

Top non-repeatable levels by time:
     D:4: 1912 daAuts
     D:1: 1021 daAuts
     D:7: 997 daAuts
     D:5: 952 daAuts
     D:6: 924 daAuts
     D:9: 860 daAuts
     D:2: 828 daAuts
    D:10: 794 daAuts
     D:8: 757 daAuts
     D:3: 630 daAuts
  Bailey: 437 daAuts
Gauntlet: 422 daAuts
    D:11: 363 daAuts
  Temple: 12 daAuts
